 Dungeon Crawl Stone Soup version 0.27-a0-1525-g1038ab4fd7 (webtiles) character file.

Game seed: 33671183464900008

44 nyamberluvr69 the Slasher (level 3, 0/27 HPs)
             Began as an Octopode Berserker on July 10, 2021.
             Was a Believer of Trog.
             Succumbed to an adder's poison
             ... on level 2 of the Dungeon.
             The game lasted 00:01:06 (779 turns).

nyamberluvr69 the Slasher (Octopode Berserker)       Turns: 779, Time: 00:01:07

Health: 0/27       AC:  3    Str: 16    XL:     3   Next: 62%
Magic:  3/3        EV: 13    Int:  9    God:    Trog [**....]
Gold:   70         SH:  0    Dex: 12    Spells: 2/2 levels left

rFire    . . .     SeeInvis .   a - +0 falchion
rCold    . . .     Faith    .   (no shield)
rNeg     . . .     Spirit   .   e - +2 hat
rPois    .         Reflect  .   (no amulet)
rElec    .         Harm     .   (no ring)
rCorr    .         Rampage  .   (no ring)
Will     .....                  (no ring)
Stlth    ++........             (no ring)
HPRegen  0.09/turn              (no ring)
MPRegen  0.08/turn              (no ring)
                                (no ring)
                                (no ring)

@: lethally poisoned (0 -> -4), on berserk cooldown, slowed, very slow
A: almost no armour, amphibious, 8 rings, camouflage 1, gelatinous body 1,
(nimble swimmer 1), tentacles
a: Renounce Religion, Berserk, Trog's Hand


You were on level 2 of the Dungeon.
You worshipped Trog.
Trog was pleased with you.
You visited 1 branch of the dungeon, and saw 2 of its levels.

You collected 70 gold pieces.

Inventory:

Hand Weapons
 a - a +0 falchion (weapon)
Armour
 e - a +2 hat (worn)
Jewellery
 c - a +6 ring of strength
Scrolls
 d - a scroll of blinking {unknown}
Potions
 b - a potion of attraction {unknown}
 f - a potion of curing {unknown}


   Skills:
 + Level 3.8 Fighting
 + Level 3.8 Long Blades
 - Level 3.0 Dodging


You had 2 spell levels left.
You didn't know any spells.
Your spell library was empty.

Dungeon Overview and Level Annotations

Branches:
Dungeon (2/15)

Altars:


Innate Abilities, Weirdness & Mutations

You cannot wear most types of armour.
You are amphibious.
You can wear up to eight rings at the same time.
Your skin changes colour to match your surroundings (Stealth+).
Your rubbery body absorbs attacks. (AC +1, EV +1)
((You are camouflaged near water. (Stealth+)))
You have tentacles for arms and can constrict up to eight enemies at once.


Message History

Trog accepts your kill.
A gnoll comes into view. It is wielding a +0 club.
The gnoll shouts!
Things that are here:
a +0 spear; a rat corpse You feel a strong urge to attack something.
An adder comes into view.
The adder hisses angrily.
You hear a shout!
A gnoll and a dart slug come into view.
You are no longer berserk.
You are exhausted.
You feel yourself slow down.
The gnoll moves out of view.
You hit the kobold.
You kill the kobold!
Trog accepts your kill.
You can now call upon Trog for regeneration and willpower.
A hobgoblin comes into view.
You hit the gnoll. You grab the gnoll.
The gnoll is moderately wounded.
You constrict the gnoll. The gnoll hits you with a +0 club.
A jackal comes into view.
A goblin comes into view. It is wielding a +0 dagger.
You hit the gnoll.
The gnoll is severely wounded.
You constrict the gnoll. The adder bites you but does no damage.
The gnoll hits you with a +0 club. The gnoll closely misses you.
The gnoll hits you with a +0 club. The adder bites you.
You are poisoned.
The adder poisons you! The gnoll barely misses you.
You riposte.
You hit the gnoll. You grab the gnoll.
The gnoll is lightly wounded.
You release your grip on the gnoll. x2; You feel sick.
A quokka comes into view.
The adder closely misses you. The gnoll closely misses you.
You riposte.
You completely miss the gnoll. You grab the gnoll. You squeeze the gnoll.
You kill the gnoll!
Trog accepts your kill. The gnoll hits you with a +0 flail!
* * * LOW HITPOINT WARNING * * *
You die...

..#.......##..........###.....##
+.......''...................#
#.......##r...###.#......#...#
#####...##....# #.#..†...#...#
#...##....# #........#>..#
#...##..)†####.......#...#
#######......#.......#...##
+......+..[..........
#...@..##..######'##.
#.g........# #....#.
#.)S........ #....#.
#h).####...#+ #....#. ...wg.#
#..... #....#. #.......# #.....
....... ......g.. ......##..###
......... ..... #.#.#† ..####...
##


You could see a gnoll, an adder, a dart slug, a quokka, a jackal, a hobgoblin
and a goblin.

Vanquished Creatures
  2 gnolls (D:2)
  4 ball pythons
  An endoplasm (D:2)
  A giant cockroach (D:2)
  4 goblins (D:1)
  2 hobgoblins (D:1)
  4 kobolds
  A quokka (D:1)
  2 bats (D:1)
  A frilled lizard (D:2)
  3 rats
25 creatures vanquished.

Notes
Turn   | Place    | Note
-------+----------+-------------------------------------------
     0 | D:1      | nyamberluvr69 the Octopode Berserker began the quest for
                  | the Orb.
     0 | D:1      | Reached XP level 1. HP: 16/16 MP: 1/1
   181 | D:1      | Reached XP level 2. HP: 21/21 MP: 2/2
   770 | D:2      | Reached XP level 3. HP: 27/27 MP: 3/3
   775 | D:2      | Reached ** piety under Trog
   779 | D:2      | Succumbed to an adder's poison

Illustrated notes

Levels and vault maps discovered:
D:1:      wander_arrival_peaceful_grave, layout_rooms
D:2:      layout_basic, minmay_misc_feat_square, grunt_ministairs_3,
          minmay_octomino_j4

Action                   || total
-------------------------++-------
Melee: Falchion          ||    36
       Constrict         ||    10
       Tentacles         ||     4
Invok: Berserk           ||     1
 Stab: Sleeping          ||     2
Armor: Skin              ||     3
Dodge: Dodged            ||    32
       Rpst.: Falchion   ||    10

Table legend: (Time is in decaauts)
 A = Elapsed time spent in this place.
 B = Non-inter-level travel time spent in this place.
 C = Inter-level travel time spent in this place.
 D = Time resting spent in this place.
 E = Time spent auto-exploring this place.
 F = Levels seen in this place.
 G = Mean time per level.
                   A        B        C        D        E       F      G
               +--------+--------+--------+--------+--------+-----+--------+
         Total |    783 |    778 |      5 |      0 |    632 |   2 |  391.5 |
       Dungeon |    783 |    778 |      5 |      0 |    632 |   2 |  391.5 |
               +--------+--------+--------+--------+--------+-----+--------+

Top non-repeatable levels by time:
     D:1: 656 daAuts
     D:2: 126 daAuts
